 Dungeon Crawl Stone Soup version 0.17.1-2-g5865329 (webtiles) character file.

642 inmateoo the Twirler (level 7, -6/59 HPs)
             Began as a Centaur Gladiator on Feb 14, 2016.
             Killed by nerve-wracking pain
             ... invoked by an orc priest
              (12 damage)
             ... on level 5 of the Dungeon.
             The game lasted 00:07:06 (4327 turns).

inmateoo the Twirler (Centaur Gladiator)            Turns: 4327, Time: 00:07:06

Health: -6/59      AC:  9    Str: 20    XL:     7   Next: 26%
Magic:  7/7        EV:  9    Int: 10    God:
Gold:   293        SH:  0    Dex: 15    Spells: 0 memorised, 6 levels left

rFire  . . .     SeeInvis .     a - +0 quarterstaff
rCold  . . .     Clarity  .     x - +0 scale mail
rNeg   . . .     SustAt   .     (shield currently unavailable)
rPois  +         Gourm    .     c - +0 helmet
rElec  .         Spirit   .     C - +1 cloak "Yrem Semaes" {Int+3 Dex+2}
rCorr  .         Warding  .     (no gloves)
rMut   .         Stasis   .     (no barding)
MR     .....                    (no amulet)
Stlth  ..........               k - +4 ring of dexterity
                                t - ring of poison resistance

@: very quick, not resistant to hostile enchantments, extremely unstealthy
A: hooves 3, deformed body, speed 2, tough skin 3
a: no special abilities


You were on level 5 of the Dungeon.
You were hungry.

You visited 1 branch of the dungeon, and saw 5 of its levels.

You collected 293 gold pieces.

Inventory:

Hand Weapons
 a - a +0 quarterstaff (weapon)
Missiles
 d - 2 throwing nets (quivered)
Armour
 c - a +0 helmet (worn)
 x - a +0 scale mail (worn)
 C - the +1 cloak "Yrem Semaes" (worn) {Int+3 Dex+2}
   (You found it on level 4 of the Dungeon)

   It affects your intelligence (+3).
   It affects your dexterity (+2).
Jewellery
 k - a +4 ring of dexterity (right hand)
 t - a ring of poison resistance (left hand)
 B - an uncursed ring of protection from fire
Scrolls
 b - 2 scrolls of magic mapping {unknown}
 i - a scroll of fear {unknown}
 j - 2 scrolls of amnesia {unknown}
 l - 3 scrolls of remove curse {unknown}
 m - 3 scrolls of blinking {unknown}
 p - 2 scrolls of recharging {unknown}
 r - 8 scrolls of identify {unknown}
 v - a scroll of random uselessness {unknown}
 y - a scroll of fog {unknown}
 F - a scroll of immolation {unknown}
Potions
 f - 2 potions of brilliance {unknown}
 g - a potion of cure mutation {unknown}
 n - 2 potions of invisibility {unknown}
 o - 2 potions of agility {unknown}
 q - 2 potions of degeneration {unknown}
 s - a potion of flight {unknown}
 w - a potion of curing {unknown}
 A - a potion of cancellation {unknown}
 D - a potion of berserk rage {unknown}
Books
 E - a book of Flames

   Spells                             Type                      Level
   a - Flame Tongue                   Conjuration/Fire             1
   b - Throw Flame                    Conjuration/Fire             2
   c - Conjure Flame                  Conjuration/Fire             3
   d - Inner Flame                    Hexes/Fire                   3
   e - Sticky Flame                   Conjuration/Fire             4
   f - Fireball                       Conjuration/Fire             5
Comestibles
 e - 4 bread rations
 h - 2 meat rations
 u - a beef jerky
 z - 7 fruits


   Skills:
 + Level 4.0 Fighting
 * Level 5.1 Staves
 - Level 2.1 Throwing
 + Level 2.5 Armour
 + Level 3.4 Dodging


You had 6 spell levels left.
You didn't know any spells.

Dungeon Overview and Level Annotations

Branches:
Dungeon (5/15)
 Temple: D:4-7

Altars:
Makhleb
Sif Muna
Vehumet


Innate Abilities, Weirdness & Mutations

You have hooves in place of feet.
Armour fits poorly on your strangely shaped body.
You cover ground very quickly.
You have extremely tough skin (AC +3).


Message History

You hit the orc priest but do no damage.
Your kick misses the orc priest.
The orc priest is severely wounded.
The orc priest barely misses you.
You barely miss the orc priest.
The orc priest is severely wounded.
The orc priest hits you.
* * * LOW HITPOINT WARNING * * *
You hit the orc priest but do no damage.
You kick the orc priest, but do no damage.
The orc priest is severely wounded.
The orc priest barely misses you.
You hit the orc priest but do no damage.
The orc priest is severely wounded.
The orc priest completely misses you.
You barely miss the orc priest. Your kick misses the orc priest.
The orc priest is severely wounded.
The orc priest invokes the aid of Beogh against you.
Pain shoots through your body!
You die...

.#.#. #.#.# ### #...# #
#.#.# . ... ... .# #.#.#
# #.#...#.# #.#.#
..#.#.# #.#.## #...#
#....## #[# ##.###.## #
#.######.## ##.######
#.##..o@†...# #......#
#...........## ##.####.#
############.###.#####..
##...........
##.(........ ###########


You could see an orc priest.

Vanquished Creatures
  An ogre (D:4)
  A big kobold (D:4)
  2 crimson imps
  A jelly (D:5)
  A giant frog skeleton (D:5)
  A gnoll shaman (D:5)
  Jessica (D:2)
  2 iguanas (D:4)
  A worker ant (D:4)
  Natasha (thrice) (D:3)
  2 hound skeletons
  3 adders
  4 gnolls (D:5)
  An ooze (D:1)
  A shadow imp (D:5)
  2 worms (D:2)
  3 giant geckos
  12 orcs
  4 bats
  2 giant cockroaches (D:3)
  6 hobgoblins
  A ball python (D:3)
  A giant gecko skeleton (D:5)
  7 giant newts
  3 goblins
  5 jackals
  4 kobolds
  3 quokkas
  6 rats
84 creatures vanquished.

Notes
Turn   | Place    | Note
--------------------------------------------------------------
     0 | D:1      | inmateoo the Centaur Gladiator began the quest for the Orb.
     0 | D:1      | Reached XP level 1. HP: 17/17 MP: 1/1
   290 | D:1      | Reached XP level 2. HP: 22/24 MP: 2/2
   489 | D:1      | Reached skill level 3 in Staves
   778 | D:2      | Noticed Jessica
   784 | D:2      | Killed Jessica
   784 | D:2      | Reached skill level 1 in Armour
   784 | D:2      | Reached XP level 3. HP: 28/30 MP: 3/3
  1496 | D:3      | Found a faded altar to an unknown god.
  1506 | D:3      | Reached XP level 4. HP: 37/37 MP: 4/4
  1652 | D:3      | Noticed Natasha
  1657 | D:3      | Killed Natasha
  1918 | D:3      | Noticed Natasha
  1924 | D:3      | Killed Natasha
  1945 | D:3      | Reached XP level 5. HP: 24/45 MP: 5/5
  2289 | D:3      | Noticed Natasha
  2291 | D:3      | Killed Natasha
  2474 | D:4      | Got a slimy cloak
  2480 | D:4      | Identified the +1 cloak "Yrem Semaes" {Int+3 Dex+2} (You found it on level 4 of the Dungeon)
  2617 | D:4      | Noticed an orc warrior
  2633 | D:4      | Reached skill level 4 in Staves
  2642 | D:4      | Reached XP level 6. HP: 49/51 MP: 6/6
  3115 | D:4      | Found a radiant altar of Vehumet.
  3116 | D:4      | Found a burning altar of Makhleb.
  3337 | D:4      | Noticed an ogre
  3343 | D:4      | Killed an ogre
  3617 | D:5      | Entered Level 5 of the Dungeon
  3657 | D:5      | Found a deep blue altar of Sif Muna.
  4043 | D:5      | Reached XP level 7. HP: 58/58 MP: 7/7
  4051 | D:5      | Reached skill level 5 in Staves
  4327 | D:5      | Killed from afar by an orc priest

Action                   |  1- 3 |  4- 6 |  7- 9 || total
-------------------------+-------+-------+-------++-------
Melee: Quarterstaff      |    84 |   158 |    60 ||   302
Throw: Throwing net      |       |     1 |       ||     1
 Stab: Held in net/web   |       |     1 |       ||     1
  Eat: Bread ration      |     1 |       |       ||     1
       Chunk             |       |     3 |       ||     3
